Cogmind - Beta 17 @@@ ROGUE MODE // 2026.07.21 @ 19:17:42 Player: kite Result: Self-destructed Performance ------------- Evolutions (4) 2000 Regions Visited (11) 2200 Robots Destroyed (137) 685 Value Destroyed (4876) 4876 Prototype IDs (216) 4320 Alien Tech Used (0) 0 Bonus (4212) 4212 TOTAL SCORE: 18293 Bonus ------- High Alert Combat Kills 282 Follower Combat Kills 130 Met Data Miner 300 Used Data Conduit 3000 Pursued by Intercept 500 Cogmind --------- Core Integrity 438/850 Matter 275/300 Energy 52/100 System Corruption 7% Temperature Cool (9) Movement Core (1550) Ox30 Location -6/Factory Parts ------- > --- POWER (1) -------- (None) > --- PROPULSION (4) --- (None) > --- UTILITY (6) ------ Huge Storage Unit Advanced Signal Interpreter Melee Analysis Suite Core Analyzer Microactuators Actuator Array > --- WEAPON (4) ------- Chainsword Spear > --- INVENTORY (25) --- Medium Treads Armored Huge Wheel Huge Storage Unit Energy Well (350) Improved Sensor Array Improved Sensor Array Experimental Sensor Array Advanced Terrain Scanner Advanced Terrain Scanner Actuator Array Transmission Jammer Transmission Jammer Advanced ECM Suite Dynamic Insulation System Improved Grenade Launcher Plasma Cutter Great Maul Spear Spear Peak State ------------ > --- POWER ------------ Fission Core > --- PROPULSION ------- Armored Huge Wheel Armored Huge Wheel > --- UTILITY ---------- Huge Storage Unit Advanced Signal Interpreter Advanced Terrain Scanner Terrain Scan Processor Core Analyzer Microactuators > --- WEAPON ----------- Powered Hammer Axe Chainsword Spear > --- INVENTORY -------- Fusion Compressor Medium Treads Armored Huge Wheel Armored Huge Wheel Huge Storage Unit Energy Well Improved Sensor Array Improved Sensor Array Experimental Sensor Array Advanced Terrain Scanner Melee Analysis Suite Actuator Array Actuator Array Advanced ECM Suite Hardened Light Armor Plating Improved Shield Generator Dynamic Insulation System Improved Grenade Launcher Plasma Cutter Great Maul Spear Spear Spear [Rating: 66] Favorites ----------- Power Light Nuclear Core Engine Ion Engine Power Core Light Nuclear Core Reactor Antimatter Reactor Propulsion Light Treads Treads Light Treads Wheel Armored Huge Wheel Utility Core Analyzer Device Improved Sensor Array Storage Huge Storage Unit Processor Core Analyzer Hackware Hacking Suite Protection Hardened Medium Armor Plating Weapon Improved Light Cannon Energy Gun Medium Laser Ballistic Gun Light Assault Rifle Ballistic Cannon Improved Light Cannon Launcher Grenade Launcher Impact Weapon Powered Hammer Slashing Weapon Axe Piercing Weapon Spear Build | -11 -10 -10 -10 -9 -8 -7 -7 -7 -7 -6 -6 ------- Run | Yrd Mat Min Exi Min Mat Fac Low Low Dat Pro Fac Slots Evolved 8 | . . . . . 4 2 . . . . 2 Power . | . . . . . . . . . . . . Propulsion 2 | . . . . . 2 . . . . . . Utility 4 | . . . . . 2 2 . . . . . Weapon 2 | . . . . . . . . . . . 2 Parts Attached 113 | 8 4 . . . 27 51 1 1 5 4 12 Power 17 | 1 . . . . 3 7 . . 2 . 4 Engine 6 | 1 . . . . . 2 . . 1 . 2 Core 10 | . . . . . 3 5 . . . . 2 Reactor 1 | . . . . . . . . . 1 . . Propulsion 22 | 2 . . . . 8 10 . . . 1 1 Treads 11 | 2 . . . . 4 5 . . . . . Leg . | . . . . . . . . . . . . Wheel 11 | . . . . . 4 5 . . . 1 1 Hover . | . . . . . . . . . . . . Flight . | . . . . . . . . . . . . Utility 46 | 2 2 . . . 8 23 1 1 2 2 5 Device 19 | 1 . . . . 1 12 . 1 2 1 1 Storage 5 | 1 1 . . . 1 2 . . . . . Processor 10 | . 1 . . . 3 2 . . . 1 3 Hackware 3 | . . . . . 1 2 . . . . . Protection 9 | . . . . . 2 5 1 . . . 1 Artifact . | . . . . . . . . . . . . Weapon 28 | 3 2 . . . 8 11 . . 1 1 2 Energy Gun 4 | 2 . . . . 2 . . . . . . Energy Cannon . | . . . . . . . . . . . . Ballistic Gun 4 | 1 . . . . 2 1 . . . . . Ballistic Cannon 5 | . 2 . . . 3 . . . . . . Launcher 2 | . . . . . 1 1 . . . . . Special Weapon . | . . . . . . . . . . . . Impact Weapon 4 | . . . . . . 4 . . . . . Slashing Weapon 4 | . . . . . . 3 . . 1 . . Piercing Weapon 5 | . . . . . . 2 . . . 1 2 Special Melee Weapon . | . . . . . . . . . . . . Unidentified Prototypes 2 | . . . . . . 2 . . . . . Corrupted Parts 1 | . . . . . . . . . 1 . . System Corruption 3 | . . . . . . . . . 3 . . Parts Lost 29 | . . . . . 2 9 . . 6 1 11 Power 8 | . . . . . . 3 . . 2 . 3 Propulsion 8 | . . . . . 1 3 . . . 1 3 Utility 10 | . . . . . 1 3 . . 4 . 2 Weapon 3 | . . . . . . . . . . . 3 Highest Loss Streak 9 | . . . . . 2 2 . . 3 1 9 To Critical Strikes . | . . . . . . . . . . . . Average Backups 18 | 2 9 11 11 13 16 21 22 22 18 17 21 Power . | . 1 1 1 1 1 . 1 1 . . 1 Propulsion 3 | 1 3 3 3 3 4 4 3 3 3 2 2 Utility 8 | . 2 3 3 5 7 10 9 9 6 6 9 Weapon 5 | . 2 4 4 4 3 5 8 8 8 8 5 Tool/Special . | . . . . . . . . . . . . Unused Backups 43 | . 1 . . . 9 19 1 . . . 13 Power 5 | . 1 . . . 1 . . . . . 3 Propulsion 8 | . . . . . 1 5 . . . . 2 Utility 18 | . . . . . 4 7 1 . . . 6 Weapon 11 | . . . . . 3 7 . . . . 1 Tool/Special 1 | . . . . . . . . . . . 1 Average Slot Usage (%) 90 | . 100 100 100 100 95 89 84 84 83 84 85 Engine 3 | . 14 14 14 14 2 1 7 7 3 . . Core 3 | . . . . . 6 5 . . . . 4 Treads 14 | . 28 28 28 28 31 13 . . . . . Wheel 8 | . . . . . 3 8 15 15 15 15 12 Device 10 | . 6 . . . . 13 15 15 17 18 16 Storage 8 | . 14 14 14 14 9 7 7 7 7 7 6 Processor 15 | . 7 14 14 14 15 17 15 15 15 19 16 Hackware 1 | . . . . . 5 . . . . . . Protection 3 | . . . . . 2 4 7 7 4 . . Ballistic Cannon 6 | . 14 28 28 28 14 3 . . . . . Impact Weapon 3 | . . . . . . 4 . . 11 5 6 Slashing Weapon 3 | . . . . . . 4 7 7 2 4 12 Piercing Weapon 2 | . . . . . . 1 6 7 1 4 5 Peak Build Rating 66 | 7 11 11 11 12 31 57 55 60 57 62 66 Average Rating 40 | 5 9 11 11 11 23 46 54 56 54 56 62 On Entrance 29 | . 7 11 11 11 12 30 53 55 55 55 56 Avg Prop Armor Cover (%) 13 | . . . . 9 9 13 . . . . . Naked Turns . | . . . . . . . . . . . . Heaviest Build 118 | 14 33 33 33 33 54 111 111 107 115 114 118 Greatest Support 83 | 40 40 40 40 40 82 83 56 56 56 56 56 Greatest Overweight (x) 4 | . . . . 1 . 3 1 1 2 4 3 Average Overweight (x) . | . . . . . . 1 1 1 1 1 1 Largest Inventory Capacity 25 | 8 15 15 15 15 20 25 25 25 25 25 25 Average Capacity 21 | 7 12 15 15 15 16 23 25 25 25 25 25 Most Carried 25 | 6 11 11 13 14 20 25 25 25 25 21 25 Average Carried 19 | 2 9 11 11 13 16 22 25 25 21 20 22 Final Capacity 25 | 8 15 15 15 15 20 25 25 25 25 25 25 Final Carried 25 | 6 11 11 13 14 20 25 25 25 20 21 20 Class Distribution -------------------- 68% | Mutant 25% | Gladiator Dominant Class ---------------- Mutant | -10/Materials Mutant | -10/Mines Mutant | -10/Exiles Mutant | -9/Mines Mutant | -8/Materials Mutant | -7/Factory Mutant | -7/Lower Caves Mutant | -7/Lower Caves Gladiator | -7/Data Miner Mutant | -6/Proximity Caves Gladiator | -6/Factory Resources | -11 -10 -10 -10 -9 -8 -7 -7 -7 -7 -6 -6 ----------- Run | Yrd Mat Min Exi Min Mat Fac Low Low Dat Pro Fac Matter Collected 3542 | 75 379 . 18 72 939 1150 43 32 286 217 331 Remotely . | . . . . . . . . . . . . Salvage Created 5630 | 56 255 . . 52 1253 2754 49 32 320 187 672 Parts 237 | 11 10 . . 8 66 109 2 3 8 6 14 Haulers Intercepted 13 | . 1 . . . 5 5 . . . . 2 Recyclers Shooed 9 | 1 1 . . . 1 6 . . . . . Parts Field Recycled 6 | . . . . . . 6 . . . . . Retrieved Matter 46 | . . . . . . 46 . . . . . Parts Self-Destructed 7 | . . . . . . . 2 . . 5 . Prevented . | . . . . . . . . . . . . Parts Restored . | . . . . . . . . . . . . Kills | -11 -10 -10 -10 -9 -8 -7 -7 -7 -7 -6 -6 ------- Run | Yrd Mat Min Exi Min Mat Fac Low Low Dat Pro Fac Combat Hostiles Destroyed 94 | . 3 . . 3 25 46 3 . 4 1 9 Melee 31 | . . . . . . 23 . . 1 1 6 Guns 3 | . . . . . 3 . . . . . . Cannons 29 | . 3 . . 3 14 9 . . . . . AOE 13 | . . . . . 7 3 3 . . . . Classes Destroyed 14 | 1 4 . . . 5 3 . 1 . . . Worker 5 | . . . . . 2 3 . . . . . Builder 9 | . 1 . . . 3 5 . . . . . Tunneler 5 | 3 . . . 1 . 1 . . . . . Hauler 13 | . 1 . . . 5 5 . . . . 2 Recycler 8 | . 3 . . . 1 4 . . . . . Operator 2 | . . . . . 1 1 . . . . . Watcher 1 | . . . . . . 1 . . . . . Swarmer 13 | . 3 . . 3 . 3 3 . . . 1 Grunt 51 | . . . . . 18 27 . . . . 6 Duelist 1 | . . . . . 1 . . . . . . Sentry 9 | . . . . . 6 3 . . . . . Hunter 7 | . . . . . . 6 . . . . 1 Programmer 9 | . . . . . . 7 . . . 1 1 Enhanced Grunt 4 | . . . . . . . . . 4 . . Samaritan 1 | . . . . . . . . 1 . . . Best Kill Streak 8 | 1 3 . . 2 4 8 3 . 1 1 3 Combat Bots Only 7 | . 2 . . 2 3 7 3 . 1 1 3 Max Kills in Single Turn 3 | 1 1 . . 1 2 2 3 1 1 1 1 Gunslinging . | . . . . . . . . . . . . Exploded 3 | . . . . . 2 2 3 . . . . Melee 1 | . . . . . . 1 . . 1 1 1 Uniques/NPCs Destroyed . | . . . . . . . . . . . . Combat | -11 -10 -10 -10 -9 -8 -7 -7 -7 -7 -6 -6 -------- Run | Yrd Mat Min Exi Min Mat Fac Low Low Dat Pro Fac Hostile Shots Fired 678 | . 6 . . 11 98 377 2 . 24 8 152 Missed 182 | . 1 . . 4 35 110 . . 3 3 26 Hits 496 | . 5 . . 7 63 267 2 . 21 5 126 Projectile 496 | . 5 . . 7 63 267 2 . 21 5 126 Critical Strikes 14 | . . . . . 4 5 . . . . 5 Part Disruptions 4 | . . . . 1 . 1 . . 1 . 1 Damage Taken 7396 | . 40 . . 107 1041 3240 24 . 923 72 1949 Core 912 | . . . . . 82 356 . . 47 15 412 Absorbed by Shields 442 | . . . . . . 217 9 . 24 . 192 Regen/Repaired (Parts) 31 | . . . . . . 11 . . . . 20 Core Remaining (%) 81 | 100 . . . 100 85 . . . . 40 . Volleys Fired 183 | 14 26 . . 9 92 41 1 . . . . Largest 2 | 2 2 . . 2 2 2 1 . . . . Hottest 138 | 90 70 . . 66 138 70 36 . . . . Shots Fired 349 | 28 53 . . 18 169 80 1 . . . . Gun 76 | 28 20 . . . 28 . . . . . . Cannon 261 | . 33 . . 18 132 78 . . . . . Launcher 12 | . . . . . 9 2 1 . . . . Special . | . . . . . . . . . . . . Kinetic 286 | 13 43 . . 18 134 78 . . . . . Thermal 50 | 14 10 . . . 26 . . . . . . Explosive 12 | . . . . . 9 2 1 . . . . Electromagnetic 1 | 1 . . . . . . . . . . . Robot Hit Streak 11 | 7 9 . . 3 9 11 9 . . . . Robot Miss Streak 5 | 2 5 . . 4 4 3 . . . . . Penetration Max . | . . . . . . . . . . . . Secondary Targets . | . . . . . . . . . . . . Shots Hit Robots 420 | 13 31 . . 6 106 179 1 1 27 5 51 Core Hits 167 | 6 9 . . 4 61 64 4 1 3 2 13 Critical Kills 5 | . . . . . . 4 . . 1 . . Critical Parts Destroyed 23 | . . . . . . 14 . . 4 . 5 Critical Strikes 49 | . 4 . . . 5 26 . . 5 . 9 Burn 3 | . . . . . 3 . . . . . . Blast 8 | . 4 . . . 2 2 . . . . . Smash 28 | . . . . . . 18 . . 5 . 5 Sever 7 | . . . . . . 5 . . . . 2 Impale 3 | . . . . . . 1 . . . . 2 Melee Attacks 400 | . . . . . . 199 . 1 93 9 98 Impact 247 | . . . . . . 111 . . 81 . 55 Slashing 87 | . . . . . . 48 . . 12 4 23 Piercing 66 | . . . . . . 40 . 1 . 5 20 Sneak Attacks 28 | . . . . . . 21 . 1 1 . 5 Combat Hostiles 2 | . . . . . . 2 . . . . . Follow-up Attacks 59 | . . . . . . 24 . . 7 2 26 Damage Inflicted 14547 | 170 561 . . 86 2634 7040 138 73 1375 223 2247 Guns 657 | 170 70 . . . 417 . . . . . . Cannons 3207 | . 482 . . 86 1610 1029 . . . . . Explosions 935 | . . . . . 600 197 138 . . . . Melee 9732 | . . . . . . 5814 . 73 1375 223 2247 Ramming 16 | . 9 . . . 7 . . . . . . Kinetic 3313 | 57 516 . . 86 1625 1029 . . . . . Thermal 551 | 113 36 . . . 402 . . . . . . Explosive 935 | . . . . . 600 197 138 . . . . Electromagnetic . | . . . . . . . . . . . . Impact 6098 | . . . . . . 3752 . . 1302 . 1044 Slashing 2010 | . . . . . . 1109 . . 73 114 714 Piercing 1624 | . . . . . . 953 . 73 . 109 489 Highest Corruption 7 | . 3 3 3 3 . 1 1 1 4 5 7 Average Corruption 1 | . 1 3 3 3 . 1 1 1 2 4 3 Corruption Purged 2 | . . . . . . 2 . . . . . Corruption Blocked . | . . . . . . . . . . . . Effects 54 | . 6 . 5 3 . 19 1 2 7 11 . Message Errors 13 | . 1 . 1 2 . 3 1 . 2 3 . Matter Fused 14 | . . . 1 . . 6 . 1 2 4 . Heat Flow Errors 6 | . 2 . . . . 1 . 1 1 1 . Energy Discharges 6 | . . . . . . 4 . . 2 . . Parts Fused 1 | . . . . . . 1 . . . . . Data Loss (minor) 7 | . 1 . 2 . . 2 . . . 2 . Data Loss (major) 5 | . 1 . 1 . . 2 . . . 1 . Misfires 1 | . 1 . . . . . . . . . . Alerts 1 | . . . . 1 . . . . . . . Overload Shots . | . . . . . . . . . . . . Overflow Damage 2025 | . 32 . . . 1 1286 . . 289 41 376 Projectiles 54 | . 32 . . . 1 21 . . . . . Explosions . | . . . . . . . . . . . . Melee 1971 | . . . . . . 1265 . . 289 41 376 Knockbacks 45 | . 6 . . . 13 19 . . 2 . 5 Impact 19 | . . . . . . 12 . . 2 . 5 Kinetic 24 | . 6 . . . 13 5 . . . . . Secondary 2 | . . . . . . 2 . . . . . Self-Inflicted Damage 58 | . . . . . 24 34 . . . . . Shots 3 | . . . . . 2 1 . . . . . Rammed 5 | . 5 . . . . . . . . . . Targets Rammed 6 | . 5 . . . 1 . . . . . . Kicked . | . . . . . . . . . . . . Crushed 1 | . . . . . 1 . . . . . . Highest Temperature 330 | 100 227 . . 24 330 255 . 126 157 151 . Average Temperature 50 | 40 39 . . 9 82 25 . 63 82 76 . Received Heat Transfer 1721 | . . . . . 576 977 . . . . 168 Effects 2 | . . . . . 2 . . . . . . Interference 2 | . . . . . 2 . . . . . . Siege Activations . | . . . . . . . . . . . . Martial Activations . | . . . . . . . . . . . . Shielding Activations . | . . . . . . . . . . . . Robots Disrupted . | . . . . . . . . . . . . Combat Hostiles . | . . . . . . . . . . . . Robots Corrupted 23 | . . . . . . 15 . . 3 . 5 Combat Hostiles 17 | . . . . . . 11 . . 3 . 3 Parts Fried 34 | . . . . . . 27 . . 3 . 4 Impact Corruptions 64 | . . . . . . 45 . . 9 . 10 Robots Melted 1 | . . . . . 1 . . . . . . Combat Hostiles 1 | . . . . . 1 . . . . . . Parts Melted 3 | . . . . . 3 . . . . . . Heat Transferred 1443 | 333 111 . . . 999 . . . . . . Parts Sabotaged . | . . . . . . . . . . . . Parts Stolen . | . . . . . . . . . . . . Parts Stripped . | . . . . . . . . . . . . Power Chain Reactions . | . . . . . . . . . . . . Alert | -11 -10 -10 -10 -9 -8 -7 -7 -7 -7 -6 -6 ------- Run | Yrd Mat Min Exi Min Mat Fac Low Low Dat Pro Fac Maximum Alert Level 3 | . . . . . 2 3 . . . . . Low Security (%) 51 | 100 100 100 . 100 29 40 . . . . 100 Level 1 31 | . . . . . 61 30 . . . . . Level 2 13 | . . . . . 9 22 . . . . . Level 3 3 | . . . . . . 6 . . . . . Level 4 . | . . . . . . . . . . . . Level 5 . | . . . . . . . . . . . . High Security . | . . . . . . . . . . . . Max Security . | . . . . . . . . . . . . Peak Influence 756 | 5 51 10 . 92 427 756 . . . . 70 Initial 158 | . . 10 . . 31 158 . . . . . Average 234 | . 9 6 . 39 278 317 . . . . 21 Influence Increases 3288 | 15 97 . . 122 941 1633 70 . . 35 375 Destroy 0b10 Robot/C 1860 | . 60 . . 60 500 980 60 . . 20 180 Destroy 0b10 Robot/NC 225 | 15 25 . . 5 60 105 . . . 5 10 Destroy Leader 488 | . 12 . . 10 130 272 10 . . 10 44 Allied During Kill 16 | . . . . . . 16 . . . . . Successful Hack 76 | . . . . . 25 39 . . . . 12 Disable Machine 180 | . . . . . 90 60 . . . . 30 Destroy Structure 98 | . . . . 2 46 26 . . . . 24 Partial Spotted 15 | . . . . . . 15 . . . . . Lose Combat Pursuer 330 | . . . . 45 90 120 . . . . 75 Influence Decreases 3288 | 15 69 28 . 40 675 1293 386 252 120 35 375 Entered New Map 707 | . . 18 . . 51 190 256 72 120 . . Time Decay 2047 | 15 69 10 . 40 604 683 130 180 . 35 281 Lost Part 204 | . . . . . 20 90 . . . . 94 Lost Ally 180 | . . . . . . 180 . . . . . Purge Threat 150 | . . . . . . 150 . . . . . Squads Dispatched 35 | . 1 . . . 4 24 . . . . 6 Investigation 6 | . . . . . 2 3 . . . . 1 Extermination 10 | . . . . . . 8 . . . . 2 Reinforcement 11 | . 1 . . . 2 6 . . . . 2 Assault 1 | . . . . . . 1 . . . . . Garrison 6 | . . . . . . 6 . . . . . Intercept 1 | . . . . . . . . . . . 1 Searches Triggered . | . . . . . . . . . . . . Construction Impeded 1 | . . . . . . 1 . . . . . Haulers Reinforced 3 | . . . . . . 2 . . . . 1 Active Scanning Responses . | . . . . . . . . . . . . Cargo Convoy Interrupts . | . . . . . . . . . . . . Stealth | -11 -10 -10 -10 -9 -8 -7 -7 -7 -7 -6 -6 --------- Run | Yrd Mat Min Exi Min Mat Fac Low Low Dat Pro Fac Distress Signals 12 | . . . . . 3 9 . . . . . Communications Jammed . | . . . . . . . . . . . . Distress Signals . | . . . . . . . . . . . . Times Spotted 175 | . 10 . . 8 50 81 3 . 4 1 18 Peak Tracking Total 8 | . 2 . . 3 6 8 3 . 1 1 8 Tactical Retreats 16 | . . . . 1 4 8 . . . . 3 Traps | -11 -10 -10 -10 -9 -8 -7 -7 -7 -7 -6 -6 ------- Run | Yrd Mat Min Exi Min Mat Fac Low Low Dat Pro Fac Traps Triggered 7 | . 2 . . . . 4 . . . . 1 Indirectly . | . . . . . . . . . . . . Trap Hack Attempts . | . . . . . . . . . . . . Triggered . | . . . . . . . . . . . . Disarmed . | . . . . . . . . . . . . Reprogrammed . | . . . . . . . . . . . . Reused . | . . . . . . . . . . . . Traps Extracted . | . . . . . . . . . . . . Installed . | . . . . . . . . . . . . Triggered . | . . . . . . . . . . . . Machines | -11 -10 -10 -10 -9 -8 -7 -7 -7 -7 -6 -6 ---------- Run | Yrd Mat Min Exi Min Mat Fac Low Low Dat Pro Fac Machines Disabled 12 | . . . . . 6 4 . . . . 2 Max in Single Turn 1 | . . . . . 1 1 . . . . 1 Garrison Access 1 | . . . . . 1 . . . . . . Machines Repaired . | . . . . . . . . . . . . Machines Dismantled . | . . . . . . . . . . . . Machines Sabotaged . | . . . . . . . . . . . . Overloaded Fab Kills . | . . . . . . . . . . . . Hacking | -11 -10 -10 -10 -9 -8 -7 -7 -7 -7 -6 -6 --------- Run | Yrd Mat Min Exi Min Mat Fac Low Low Dat Pro Fac Machines Accessed 32 | . . . 1 . 7 14 . . 4 . 6 Terminals 14 | . . . . . 3 7 . . . . 4 Fabricators 5 | . . . . . . 4 . . . . 1 Repair Stations 4 | . . . . . 2 1 . . . . 1 Recycling Units . | . . . . . . . . . . . . Scanalyzers 1 | . . . . . 1 . . . . . . Garrison Access 3 | . . . . . 1 2 . . . . . Total Hacks 93 | . . . 4 . 22 25 . . 30 . 12 Successful 58 | . . . 4 . 8 12 . . 30 . 4 Failed 35 | . . . . . 14 13 . . . . 8 Catastrophic 7 | . . . . . . 4 . . . . 3 Database Lockouts . | . . . . . . . . . . . . Manual 21 | . . . . . 8 8 . . . . 5 Terminals 30 | . . . . . 10 13 . . . . 7 Fabricators 10 | . . . . . . 7 . . . . 3 Repair Stations 9 | . . . . . 5 2 . . . . 2 Recycling Units . | . . . . . . . . . . . . Scanalyzers 5 | . . . . . 5 . . . . . . Garrison Access 5 | . . . . . 2 3 . . . . . Terminal Hacks 40 | . . . 4 . 3 3 . . 30 . . Record 15 | . . . 4 . . . . . 11 . . Part Schematic 12 | . . . . . 1 . . . 11 . . Robot Schematic 5 | . . . . . . . . . 5 . . Prototype ID Bank 3 | . . . . . . . . . 3 . . Alert Level 1 | . . . . . . 1 . . . . . Unreport Threat 1 | . . . . . . 1 . . . . . Hauler Manifests 1 | . . . . . 1 . . . . . . Registered Components 1 | . . . . . 1 . . . . . . Zone Layout 1 | . . . . . . 1 . . . . . Fabricator Hacks 5 | . . . . . . 5 . . . . . Load Schematic 2 | . . . . . . 2 . . . . . Build 3 | . . . . . . 3 . . . . . Repair Station Hacks 5 | . . . . . 1 2 . . . . 2 Scan Component 3 | . . . . . 1 1 . . . . 1 Repair 2 | . . . . . . 1 . . . . 1 Recycling Unit Hacks . | . . . . . . . . . . . . Scanalyzer 2 | . . . . . 2 . . . . . . Insert Component 1 | . . . . . 1 . . . . . . Analyze 1 | . . . . . 1 . . . . . . Garrison Access Hacks 1 | . . . . . 1 . . . . . . Seal Access 1 | . . . . . 1 . . . . . . Unauthorized Hacks 5 | . . . . . 1 2 . . . . 2 Terminals 3 | . . . . . 1 . . . . . 2 Botnet 3 | . . . . . 1 . . . . . 2 Fabricators 2 | . . . . . . 2 . . . . . Liberate 1 | . . . . . . 1 . . . . . Haulers 1 | . . . . . . 1 . . . . . Repair Stations . | . . . . . . . . . . . . Recycling Units . | . . . . . . . . . . . . Scanalyzers . | . . . . . . . . . . . . Garrison Access . | . . . . . . . . . . . . Data Cores Recovered . | . . . . . . . . . . . . Used . | . . . . . . . . . . . . Hacking Detections 24 | . . . . . 6 13 . . . . 5 Full Trace Events 5 | . . . . . 2 3 . . . . . Feedback Events . | . . . . . . . . . . . . Feedback Blocked . | . . . . . . . . . . . . Robot Schematics Acquired 5 | . . . . . . . . . 5 . . Robots Built 3 | . . . . . . 3 . . . . . Authchips . | . . . . . . . . . . . . Time 116 | . . . . . . 116 . . . . . Total Robot Build Rating 9 | . . . . . . 9 . . . . . Part Schematics Acquired 12 | . . . . . 1 . . . 11 . . Parts Built 2 | . . . . . . 2 . . . . . Authchips . | . . . . . . . . . . . . Time 102 | . . . . . . 102 . . . . . Total Part Build Rating 2 | . . . . . . 2 . . . . . Part Studies Acquired . | . . . . . . . . . . . . Parts Repaired 2 | . . . . . . 1 . . . . 1 Time 98 | . . . . . . 54 . . . . 44 Parts Recycled . | . . . . . . . . . . . . Recycled Matter . | . . . . . . . . . . . . Retrieved Matter . | . . . . . . . . . . . . Retrieved Components . | . . . . . . . . . . . . Parts Scanalyzed 1 | . . . . . 1 . . . . . . Part Schematics Acquired . | . . . . . . . . . . . . Parts Damaged . | . . . . . . . . . . . . Bothacking | -11 -10 -10 -10 -9 -8 -7 -7 -7 -7 -6 -6 ------------ Run | Yrd Mat Min Exi Min Mat Fac Low Low Dat Pro Fac Used RIF Installer . | . . . . . . . . . . . . Robots Hacked . | . . . . . . . . . . . . Non-combat . | . . . . . . . . . . . . Combat . | . . . . . . . . . . . . Robot Hacks Applied . | . . . . . . . . . . . . Relay Couplers Released . | . . . . . . . . . . . . Fabnet Peak Effective % . | . . . . . . . . . . . . Robots Rewired . | . . . . . . . . . . . . Allies Hacked 1 | . . . . . . 1 . . . . . Hacks Repelled . | . . . . . . . . . . . . Allies | -11 -10 -10 -10 -9 -8 -7 -7 -7 -7 -6 -6 -------- Run | Yrd Mat Min Exi Min Mat Fac Low Low Dat Pro Fac Total Allies 9 | . . . . . . 9 . . . . . Largest Group 5 | . . . . . . 5 . . . . . Highest-Rated Group 77 | . . . . . . 77 . . . . . Highest-Rated Ally 16 | . . . . . . 16 . . . . . Total Orders . | . . . . . . . . . . . . Ally Attacks 51 | . . . . . . 51 . . . . . Total Damage 587 | . . . . . . 587 . . . . . Kills 4 | . . . . . . 4 . . . . . Allies Corrupted . | . . . . . . . . . . . . Allies Melted . | . . . . . . . . . . . . Intel | -11 -10 -10 -10 -9 -8 -7 -7 -7 -7 -6 -6 ------- Run | Yrd Mat Min Exi Min Mat Fac Low Low Dat Pro Fac Active Infowar (turns) 5577 | 67 286 . . . 20 3038 274 367 223 567 735 Sensors 5199 | . . . . . . 3038 274 367 223 567 730 Terrain 302 | . . . . . . . . . . . 302 Seismic 373 | 67 286 . . . 20 . . . . . . Robot Analysis Total 154 | . . . . . . . . . 154 . . Derelict Logs Recovered 2 | . . . . . . . . 2 . . . Drone Launches . | . . . . . . . . . . . . Drone Recoveries . | . . . . . . . . . . . . Exploration | -11 -10 -10 -10 -9 -8 -7 -7 -7 -7 -6 -6 ------------- Run | Yrd Mat Min Exi Min Mat Fac Low Low Dat Pro Fac Turns Passed 10051 | 167 634 30 303 134 1955 3911 274 367 790 596 890 Spaces Moved 5451 | 74 336 17 189 59 1017 1954 231 297 369 397 511 Core 8 | 8 . . . . . . . . . . . Treads 2003 | 66 336 17 189 59 879 457 . . . . . Legs . | . . . . . . . . . . . . Wheels 3440 | . . . . . 138 1497 231 297 369 397 511 Hover . | . . . . . . . . . . . . Flight . | . . . . . . . . . . . . Fastest Speed 50 | 50 160 160 160 160 85 115 115 115 115 115 115 Average Speed 137 | 148 160 160 160 172 146 143 115 115 121 115 117 Slowest Speed 240 | 160 160 160 160 240 160 240 115 115 130 160 145 Overloaded Moves . | . . . . . . . . . . . . Propulsion Burnouts . | . . . . . . . . . . . . Robots Hopped . | . . . . . . . . . . . . Potential Cave-ins . | . . . . . . . . . . . . Cave-ins Triggered . | . . . . . . . . . . . . Exploration Rate (%) 45 | 4 65 8 54 21 56 53 48 59 98 59 20 Regions Visited 11 Branch Regions 7 Pre-discovered Areas 27 | . . . 1 . . . . . 26 . . Known Exits Taken 5 | . . . . . . 1 1 1 1 1 . Unknown Exits Taken 6 | 1 1 1 1 1 1 . . . . . . Scrap Searched 2 | . . . . . . . 1 . . 1 . Spaces Dug 41 | . . . . . . 14 . . 3 . 24 Terrain Destroyed 108 | . . . . 2 44 25 10 . 3 . 24 Melee 41 | . . . . . . 14 . . 3 . 24 Projectile 11 | . . . . 2 8 1 . . . . . AOE 56 | . . . . . 36 10 10 . . . . Terrain Rammed . | . . . . . . . . . . . . Walls Destroyed . | . . . . . . . . . . . . Machines Disabled . | . . . . . . . . . . . . Actions | -11 -10 -10 -10 -9 -8 -7 -7 -7 -7 -6 -6 --------- Run | Yrd Mat Min Exi Min Mat Fac Low Low Dat Pro Fac Total 7185 | 103 381 20 190 74 1322 2752 238 317 585 516 687 Wait 757 | . 1 4 . 6 107 378 1 12 114 81 53 Move 5440 | 73 335 16 188 58 1016 1953 230 296 368 396 511 Hop . | . . . . . . . . . . . . Pick Up 125 | 7 5 . 2 1 31 59 1 . 1 2 16 Fast Attach 54 | 7 3 . . . 14 25 . . . 2 3 Attach 42 | 1 . . . . 8 17 . . 6 1 9 Detach 5 | . 1 . . . 2 1 . . . 1 . Swap 123 | . 1 . . . 14 43 3 8 11 23 20 Drop 128 | 1 4 . . . 37 74 2 . . 1 9 Fire 183 | 14 26 . . 9 92 41 1 . . . . Melee 319 | . . . . . . 161 . 1 85 6 66 Ram . | . . . . . . . . . . . . Kick . | . . . . . . . . . . . . Crush 6 | . 5 . . . 1 . . . . . . Escape Stasis . | . . . . . . . . . . . . Rewire 3 | . . . . . . . . . . 3 . Trap . | . . . . . . . . . . . . Miscellaneous . | . . . . . . . . . . . . Route ------- -11/Scrapyard -10/Materials (discovered 2 exits: [*Mat] / [*Min]) -10/Mines -10/Exiles -9/Mines -8/Materials (discovered 2 exits: *Fac x2) -7/Factory (discovered 4 exits: *Fac x3 / *Low) -7/Lower Caves -7/Lower Caves (discovered 2 exits: *Fac / *Dat) -7/Data Miner -6/Proximity Caves -6/Factory (discovered 2 exits: [*Fac x2]) History --------- Turn | Location | Event 2 | -11/Scrapyard | Met Revision 17 4 | -11/Scrapyard | Discovered new exit (range 14) 168 | -11/Scrapyard | Entered Materials 263 | -10/Materials | Discovered new exit (range 16) 268 | -10/Materials | Met 8R-AWN 308 | -10/Materials | Build established: Mutant 520 | -10/Materials | Discovered new exit (range 15) 802 | -10/Materials | Entered Mines 803 | -10/Mines | Assembled infested the area 803 | -10/Mines | Followed 8R-AWN into the Mines 824 | -10/Mines | Discovered new exit (range 5) 832 | -10/Mines | Entered Exiles 871 | -10/Exiles | Welcomed by 8R-AWN 900 | -10/Exiles | Met EX-HEX 941 | -10/Exiles | Met EX-BIN 989 | -10/Exiles | Met EX-DEC 996 | -10/Exiles | Learned location of Zion (-6) 1121 | -10/Exiles | Discovered new exit (range 10) 1135 | -10/Exiles | Entered Mines 1174 | -9/Mines | Found a damaged Exp. Sensor Array with a note attached 1177 | -9/Mines | Found Prototype Device 1189 | -9/Mines | Discovered new exit (range 15) 1269 | -9/Mines | Entered Materials 1269 | -8/Materials | Evolved 4 slots: Propulsion x2, Utility x2 1288 | -8/Materials | Identified Exp. Sensor Array 1689 | -8/Materials | Discovered new exit (range 15) 2763 | -8/Materials | Discovered new exit (range 4) 3224 | -8/Materials | Entered Factory 3224 | -7/Factory | Evolved 2 slots: Utility x2 3368 | -7/Factory | Discovered new exit (range 14) 3417 | -7/Factory | Identified exit to Factory 3948 | -7/Factory | Fabricated Huge Storage Unit (x1) 4413 | -7/Factory | Discovered exit to Factory (range 4) 4583 | -7/Factory | Fabricated G-47 Trooper? 4926 | -7/Factory | Lost 3 allies 5158 | -7/Factory | Discovered exit to Factory (range 16) 5555 | -7/Factory | Garrison activated, responded to threat 6024 | -7/Factory | First assault squad dispatched 6096 | -7/Factory | Garrison activated, responded to threat 6144 | -7/Factory | Destroyed 7 combat bots 6259 | -7/Factory | Build established: Gladiator 6421 | -7/Factory | Fabricated Huge Storage Unit? 6965 | -7/Factory | Discovered new exit (range 14) 7050 | -7/Factory | Repaired Exp. Sensor Array 7089 | -7/Factory | Core integrity fell below 50% 7134 | -7/Factory | Identified exit to Lower Caves 7135 | -7/Factory | Entered Lower Caves 7218 | -7/Lower Caves | Build established: Mutant 7395 | -7/Lower Caves | Discovered new exit (range 5) 7408 | -7/Lower Caves | Identified exit to Lower Caves 7409 | -7/Lower Caves | Entered another Lower Caves area 7430 | -7/Lower Caves | Discovered exit to Factory (range 12) 7605 | -7/Lower Caves | Identified exit to Data Miner 7776 | -7/Lower Caves | Entered Data Miner 7776 | -7/Data Miner | Discovered new exit (range 6) 7798 | -7/Data Miner | Met Data Miner 7828 | -7/Data Miner | Learned location of Section 7 (-2) 7828 | -7/Data Miner | Acquired the access code to Warlord's prototype stash 7851 | -7/Data Miner | Received God Mode back door access code from Data Miner 7912 | -7/Data Miner | Interfaced with the Data Conduit 8045 | -7/Data Miner | Lost 3 parts (1p2u) 8157 | -7/Data Miner | Lost 3 parts (1p2u) 8261 | -7/Data Miner | Build established: Gladiator 8565 | -7/Data Miner | Identified exit to Proximity Caves 8566 | -7/Data Miner | Entered Proximity Caves 9097 | -6/Proximity Caves | Discovered exit to Factory (range 9) 9149 | -6/Proximity Caves | Build established: Mutant 9162 | -6/Proximity Caves | Entered Factory 9162 | -6/Factory | Evolved 2 slots: Weapon x2 9163 | -6/Factory | Loaded intel: 231 machine locations 9379 | -6/Factory | Repaired Dynamic Insulation System? 9438 | -6/Factory | Discovered new exit (range 16) 9491 | -6/Factory | Build established: Gladiator 10008 | -6/Factory | Intercept squad dispatched 10020 | -6/Factory | Spotted Tracker 10020 | -6/Factory | Discovered new exit (range 8) 10033 | -6/Factory | Spotted Combat Programmer 10052 | -6/Factory | Self-destructed Last Messages --------------- 10039_ Penetrated by EMDS Slug. 10041_ EMDS Slug penetrates Wall. 10042_ Powered Hammer follow-up attack on Combat Programmer. 10042_ Destroyed Exp. Target Analyzer. 10042_ Combat Programmer system corrupted by crushing effect. 10042_ Combat Programmer knocked back. 10043_ Arm. Huge Wheel destroyed. 10043_ Hrd. Light Armor Plating destroyed. 10045_ Fission Core destroyed. 10045_ Critical hit (Burn: +37). 10046_ Penetrated by EMDS Slug. 10046_ Arm. Huge Wheel destroyed. 10048_ Axe destroyed. 10050_ Powered Hammer destroyed. 10050_ Chainsword follow-up attack on Combat Programmer. 10050_ Fusion Compressor destroyed. 10051_ Penetrated by EMDS Slug. Map ----- +----------------------------------------------------+ | ??????????"""????????????????????????????????????? | | ?????????????????????????????????????????????????? | | ??????????"""?"""????????????????????????"""?"""?? | | ??????????"""?"""????????????????????????"""?"""?? | | ??????????"""?"""????????????????????????"""?"""?? | | ?????????????????????????????????????????????????? | | ?????????????????????????????????????????"""??""?" | | ?????????????????????????????????????????"""??""S" | | ?????????????????????????????????????????"""??"""" | | ?????????????????????????????????????????????????? | | ?????????????????????????????????????????????????? | | ??????????????????????""""?""""??????????????????? | | ??????????????????????""""?""""??????????????????? | | ??????????????????????""""?""""??????????????????? | | ??????????????????????""""?""""??????????????????? | | ?????????????????????????????????????????????????? | | ?????????????????????????????????????????????????? | | ?????????????????????????????????????????????????? | | ?????????????????????????????????????? ??"""""???? | | ?????????????????##########?????##?? ???"""""???? | | ?????????????????# !! #??##T # ?#?"""?????? | | ?????????????????# ! #? #?????????? | | ?????????????????# ! # #?"""""???? | | ?????????????????# s s# < #?"""""???? | | ?????????????????# p% ?? #?"""?????? | | ?????????????????# s @#???? ?? #?????????? | | ?????????????????#! #????????? #???? ????? | | ?????????????????# # ??? ? ? #?? ??????? | | ?????????????????# =g #??#????? #?????????? | | ?????????????????#######/######### ###/####??? | | ????????????????????# =[! ]]#* #??? | | ????????????????????# """ ]]%+* #??? | | ????????????????????# """"" #! #??? | | ?????????????????#??# """"" # # ? | | ????????????????????# #? #?" | | ???????????????????## """ #?###### #?"? | | ???????????????????## """"" #???#??# #?"? | | ????????????????????# """"" #??##### #?"? | | ????????????????????# #??#??## #?"? | | ?????????????????#??# + ??? ? +?"? | | ????????????????#???# ##?##?## #?"? | | ?????????????????#??# ##?#???# # " | | ????????????????????##################### #?" | | ????????????????#????##???## # # ? | | ???????????????##?#????#?### ! # #?? | | ????????????????#??#?###???# / #?#? | | ???????????????????????????# """ """ # #??? | | ??????????????????????????## """ """ # #### | | ???????????????##???????#?## """ """ # # | | ?????????????????????????### # # | +----------------------------------------------------+ Best States ------------- Heat Dissipation 37 Energy Generation 21 Energy Capacity 325 Matter Stores 300 Matter Capacity 300 Sight Range 16 Robot Scan Range 20 Terrain Scan Range 20 Terrain Scan Density 85 EM Shielding 2 Armor Coverage 600 Melee Speed Boost 40 Evasion (%) 43 Targeting Accuracy 8 Melee Accuracy 6 Target Analysis 5 Core Analysis 9 Recoil Reduction 4 Offensive Hacking 20 Item Schematics ----------------- Huge Storage Unit | -8/Materials | Hacked Combat Drone Bay | -7/Data Miner | Free Lgt. Regenerative Plating | -7/Data Miner | Free Biomechanical Wings | -7/Data Miner | Free Thermal Defense Suite | -7/Data Miner | Free Shock Maul | -7/Data Miner | Free Cmb. Gravmag System | -7/Data Miner | Free Imp. Coolant Injector | -7/Data Miner | Free Lrn. Proton Cannon | -7/Data Miner | Free Variable Charge Gun | -7/Data Miner | Free Adv. Datajack | -7/Data Miner | Free Adv. Transmission Jammer | -7/Data Miner | Free Robot Schematics ------------------ G-47 Trooper | -7/Data Miner | Free L-41 Fighter | -7/Data Miner | Free R-10 Processor | -7/Data Miner | Free G-50 Soldier | -7/Data Miner | Free A-15 Conveyor | -7/Data Miner | Free Fabricated ------------ Huge Storage Unit | x1 | -7/Factory G-47 Trooper | x3 | -7/Factory | Preloaded Huge Storage Unit | x1 | -7/Factory Repaired ---------- Exp. Sensor Array | 62% | -7/Factory Dynamic Insulation System | 25% | -6/Factory Studied --------- None Alien Tech Used ----------------- None Achievements -------------- Unlimited Data Challenges ------------ None Game ------ Seed LightProcessingTelecube Manual? 0 Play Time 01:58:58 Cumulative 475.6 hours Start 2026.07.21 @ 05:45:55 End 2026.07.21 @ 19:17:42 Sessions 1 Manual Loads 0 Difficulty Rogue Special Mode None Game No. 434 Rogue 434 Adventurer 0 Explorer 0 Win Type - Total 12 Types 7/0/2/1/0/0/0/1/0/1 Lore% 63 Gallery% 69 Achievement% 66 Wizard Run 0 Options --------- Layout 1 ASCII 0 Keyboard 0 Movement Mouse Keybinds 0 Fullscreen 2 Font 24/Cog Map View 50x35 Zoom Use 9% Tactical HUD 1 Map Filters NONE Filters NONE Steam 1 RUN: 2fe53c39-ffdf-4db5-aa85-8ff1fe00c295